 Dungeon Crawl Stone Soup version 0.21-a0-1-gaf3b9a5 (webtiles) character file.

69 turnburgler the Slasher (level 4, -1/40 HPs)
             Began as a Draconian Berserker on May 20, 2017.
             Was a Believer of Trog.
             Killed from afar by Sigmund (6 damage)
             ... with a wand of flame (?/48)
             ... on level 3 of the Dungeon.
             The game lasted 00:08:46 (1914 turns).

turnburgler the Slasher (Draconian Berserker)       Turns: 1914, Time: 00:08:46

Health: -1/40      AC:  5    Str: 20    XL:     4   Next: 2%
Magic:  4/4        EV: 12    Int:  7    God:    Trog [**....]
Gold:   125        SH:  0    Dex: 11    Spells: 3/3 levels left

rFire    . . .     SeeInvis .   a - +0 falchion
rCold    . . .     Gourm    .   (no shield)
rNeg     + . .     Faith    .   (armour unavailable)
rPois    .         Spirit   .   (helmet restricted)
rElec    .         Reflect  .   (no cloak)
rCorr    .         Harm     .   (no gloves)
MR       .....                  (no boots)
Stlth    +.........             (no amulet)
Regen    0.2/turn               s - ring of flight
MPRegen  0.1/turn               p - ring of positive energy

@: slowed, heavily drained, very slow
A: unfitting armour, cold-blooded, AC +5
a: Berserk, Trog's Hand, Burn Spellbooks, Renounce Religion, Evoke Flight


You were on level 3 of the Dungeon.
You worshipped Trog.
Trog was pleased with you.
You were very hungry.

You visited 1 branch of the dungeon, and saw 3 of its levels.

You collected 125 gold pieces.

Inventory:

Hand Weapons
 a - a +0 falchion (weapon)
 k - a +0 hunting sling
Missiles
 d - 21 arrows
 e - 57 stones (quivered)
 o - 8 needles of sleeping
Jewellery
 p - a ring of positive energy (right hand)
 s - a ring of flight (left hand)
Scrolls
 c - a scroll of enchant armour {unknown}
 f - 2 scrolls of magic mapping {unknown}
 h - a scroll of identify {unknown}
 i - 2 scrolls of blinking
 l - a scroll of immolation {unknown}
 n - a scroll of remove curse
 r - a scroll of teleportation {unknown}
 t - a scroll of recharging {unknown}
Potions
 g - a potion of berserk rage {unknown}
 m - a potion of curing {unknown}
Comestibles
 b - 5 bread rations
 j - 2 fruits
 q - 5 chunks of flesh


   Skills:
 + Level 3.8(2.2) Fighting
 * Level 4.5(2.9) Long Blades
 + Level 2.6(1.1) Dodging
 + Level 0.2(0.0) Stealth


You had 3 spell levels left.
You didn't know any spells.

Dungeon Overview and Level Annotations

Branches:
Dungeon (3/15)

Altars:
Dithmenos
Elyvilon
Qazlal

Annotations:
D:3 Sigmund


Innate Abilities, Weirdness & Mutations

Your plain brown scales are hard. (AC +5)
You cannot fit into any form of body armour.
You are cold-blooded and may be slowed by cold attacks.


Message History

You are confused.
Sigmund points at you and mumbles some strange words.
The puff of flame hits you!
* * * LOW HITPOINT WARNING * * *
Sigmund zaps a wand.
The puff of flame misses you.
It is a wand of flame (?/48).
Sigmund closely misses you.
You're too confused to move!
Sigmund gestures at you while chanting. You resist with some effort.
You feel less confused. Sigmund gestures at you while chanting.
The magic dart hits you!
* * * LOW HITPOINT WARNING * * *
Sigmund mumbles some strange words.
Sigmund flickers and vanishes!
You hear a zap.
A puff of flame appears from out of thin air!
The puff of flame hits you!
You die...

#.....# #.....# #.=...#
#.....# ###.###
##.######## #..........
#.#####.###
######.#####@##
...........#...#
###..##....{...#
#......#.#...# ####
##.###.#.##### #..
#.###.#.#########.#
#.......#.......#.###
#####.###.####..(...###
#...##.##....(.....#


There were no monsters in sight!

Vanquished Creatures
  An adder (D:2)
  A worm (D:2)
  4 dart slugs
  A leopard gecko (D:2)
  3 ball pythons
  2 giant cockroaches
  6 goblins
  2 hobgoblins
  4 jackals (D:2)
  9 kobolds
  7 bats
  A frilled lizard (D:1)
  9 rats
50 creatures vanquished.

Notes
Turn   | Place    | Note
-------+----------+-------------------------------------------
     0 | D:1      | turnburgler the Draconian Berserker began the quest for the Orb.
     0 | D:1      | Reached XP level 1. HP: 19/19 MP: 1/1
   185 | D:1      | Reached XP level 2. HP: 26/26 MP: 2/2
   846 | D:2      | Reached XP level 3. HP: 31/31 MP: 3/3
  1088 | D:2      | Reached skill level 4 in Long Blades
  1234 | D:2      | Found a shadowy altar of Dithmenos.
  1490 | D:2      | Found a stormy altar of Qazlal.
  1491 | D:2      | Found a white marble altar of Elyvilon.
  1539 | D:2      | Reached ** piety under Trog
  1792 | D:3      | Reached XP level 4. HP: 36/40 MP: 4/4
  1867 | D:3      | Noticed Sigmund
  1914 | D:3      | Killed from afar by Sigmund

Vault maps used:
D:1:      kilobyte_arrival_exit_the_forest, minmay_stone_trees_small,
          serial_park_tiny_1, minmay_tree_intersection
D:2:      minmay_door_path, nicolae_overflow_hidden_temple,
          gammafunk_temple_overflow_statue, grunt_dithmenos_smoke
D:3:      uniq_ijyb, uniq_sigmund

Skill      XL: |  1  2  3 |
---------------+----------+-----
Long Blades    | 4 |  4.5
Fighting       | |  3.8
Dodging        | |  2.6
Stealth        | |  0.2

Action                   |  1- 3 |  4- 6 || total
-------------------------+-------+-------++-------
Melee: Falchion          |   147 |     4 ||   151
       Tailslap          |    11 |     2 ||    13
Invok: Berserk           |       |     1 ||     1
  Use: Scroll            |       |     2 ||     2
 Stab: Sleeping          |     1 |       ||     1
  Eat: Chunk             |     3 |       ||     3
Armor: Skin              |    55 |     2 ||    57
Dodge: Dodged            |   111 |     3 ||   114
       Rpst.: Falchion   |    32 |       ||    32
